 Dungeon Crawl Stone Soup version 0.31.0-9-g3a7656b989 (webtiles) character file.

Game seed: 15302376963978821626

70 Bnni the Apothecary (level 4, 0/28 HPs)
             Began as an Octopode Alchemist on Jan 25, 2024.
             Slain by a gnoll
             ... wielding a +0 flail
              (4 damage)
             ... on level 3 of the Dungeon.
             The game lasted 00:05:13 (2174 turns).

Bnni the Apothecary (Octopode Alchemist)            Turns: 2174, Time: 00:05:13

Health: 0/28       AC:  1    Str:  7    XL:     4   Next: 22%
Magic:  2/7        EV: 13    Int: 19    God:
Gold:   93         SH:  0    Dex: 12    Spells: 1/8 levels left

rFire   . . .        f - -1 hand axe (venom)
rCold   . . .        k - orb {light}
rNeg    . . .        (helmet restricted)
rPois   .            (no amulet)
rElec   .            (no ring)
rCorr   .            (no ring)
SInv    .            (no ring)
Will    .....        (no ring)
Stlth   +            (no ring)
HPRegen 0.24/turn    (no ring)
MPRegen 0.10/turn    (no ring)
                     (no ring)

%: no passive effects
@: lethally poisoned (0 -> -3), very slightly contaminated, glowing
A: almost no armour, amphibious, 8 rings, camouflage 1, gelatinous body 1,
(nimble swimmer 1), tentacles
a: no special abilities


You were on level 3 of the Dungeon.
You visited 1 branch of the dungeon, and saw 3 of its levels.

You collected 93 gold pieces.

Inventory:

Hand Weapons
 d - a +0 spear
 f - a -1 hand axe of venom (weapon)
Missiles
 g - 2 throwing nets
 o - 5 curare-tipped darts
Armour
 k - an orb of light (worn)
Jewellery
 c - an amulet of guardian spirit
Scrolls
 e - 2 scrolls of identify {unknown}
 l - 2 scrolls of fear {unknown}
 m - a scroll of silence {unknown}
 n - a scroll of revelation {unknown}
Potions
 a - a potion of magic
 b - a potion of heal wounds {unknown}
 h - 2 potions of berserk rage {unknown}
 i - a potion of mutation {unknown}
 j - a potion of attraction {unknown}
 p - a potion of curing {unknown}


   Skills:
 * Level 1.4 Fighting
 + Level 0.5 Axes
 - Level 2.0 Dodging
 - Level 2.6 Stealth
 + Level 2.5 Spellcasting
 - Level 1.0 Conjurations
 * Level 4.5 Alchemy


You had one spell level left.
You knew the following spells:

 Your Spells              Type           Power      Damage    Failure   Level
a - Sting                 Conj/Alch      48%        1d6       5%          1
b - Mercury Vapours       Alch/Air       22%        N/A       10%         2
d - Olgreb's Toxic Radia  Alch           19%        N/A       26%         4

Your spell library contained the following spells:

 Spells                   Type           Power      Damage    Failure   Level
 Mephitic Cloud           Conj/Alch/Air  9%         N/A       22%         3
 Call Imp                 Summ           4%         N/A       24%         2
 Sublimation of Blood     Necr           2%         N/A       24%         2
 Inner Flame              Hex/Fire       2%         N/A       43%         3
 Sticky Flame             Fire/Alch      11%        2d5       54%         4
 Flame Wave               Conj/Fire      4%         2d5       78%         4
 Summon Hydra             Summ           1%         N/A       100%        7


Dungeon Overview and Level Annotations

Branches:
Dungeon (3/15)

Altars:


Innate Abilities, Weirdness & Mutations

You cannot wear most types of armour.
You are amphibious.
You can wear up to eight rings at the same time.
Your skin changes colour to match your surroundings (Stealth+).
Your rubbery body absorbs attacks. (AC +1, EV +1)
((You are camouflaged when in or above water. (Stealth+)))
You have tentacles for arms and can constrict up to eight enemies at once.


Message History

A gnoll comes into view. It is wielding a +0 whip.
The gnoll shouts! x2; You hear a shout! x2
A gnoll comes into view. It is wielding a +0 flail.
You hit the gnoll but do no damage.
The gnoll is poisoned.
You grab the gnoll. You constrict the gnoll.
The gnoll struggles to escape constriction.
Unknown command.
Casting: Sting (safe; 5% risk of failure)
Confirm with . or Enter, or press ? or * to list all spells.
You miscast Olgreb's Toxic Radiance.
You are very lightly contaminated with residual magic.
You are engulfed in toxic fumes.
You are poisoned.
You constrict the gnoll, but do no damage.
You feel very sick. The gnoll closely misses you.
Unknown command.
Casting: Olgreb's Toxic Radiance (astonishingly dangerous; 26% risk of failure)
Confirm with . or Enter, or press ? or * to list all spells.
You don't have enough magic to cast this spell.
Unknown command.
You release your grip on the gnoll.
You feel very sick. The gnoll attacks as it pursues you!
The gnoll hits you with a +0 flail.
You feel sick.
You feel sick. The gnoll attacks as it pursues you!
The gnoll barely misses you.
You feel sick.
Aiming: Sting (safe; 5% risk of failure)
Press: ? - help, Q - select action, (/) - cycle Shift-Dir - straight line, f - gnoll
Aim: a gnoll, wielding a +0 flail (severely wounded, poisoned, haloed, 83% to hit)
The sting hits the gnoll but does no damage.
The gnoll looks even sicker.
The gnoll is severely wounded.
You feel sick. The gnoll hits you with a +0 flail.
* * * LOW HITPOINT WARNING * * *
* * * LOW HITPOINT WARNING * * *
You feel sick. The gnoll attacks as it pursues you!
The gnoll hits you with a +0 flail.
You die...

##. .g #.
#+# #.###.#
#.....#.#
#....g#.+
##.##.#.#
...##g#.##
######@#..#
#.#..#
#.#..#
#..<.#
####.##
#.....#
#.#.#.#
#######


You could see 2 gnolls.

Vanquished Creatures
  An adder (D:2)
  8 ball pythons
  4 endoplasms
  4 giant cockroaches
  6 goblins
  2 hobgoblins (D:1)
  7 jackals (D:1)
  2 quokkas
  8 bats (D:1)
  3 frilled lizards
  6 kobolds
  A rat (D:1)
52 creatures vanquished.

Notes
Turn   | Place    | Note
-------+----------+-------------------------------------------
     0 | D:1      | Bnni the Octopode Alchemist began the quest for the Orb.
     0 | D:1      | Reached XP level 1. HP: 11/11 MP: 3/3
   265 | D:1      | Reached XP level 2. HP: 17/17 MP: 1/5
   533 | D:1      | Found a faded altar of an unknown god.
   605 | D:1      | Reached skill level 4 in Alchemy
   764 | D:1      | Reached XP level 3. HP: 22/22 MP: 4/6
   805 | D:1      | Reached skill level 1 in Fighting
  1689 | D:2      | Reached XP level 4. HP: 17/28 MP: 7/7
  1825 | D:2      | Learned a level 4 spell: Olgreb's Toxic Radiance
  1828 | D:2      | Learned a level 2 spell: Mercury Vapours
  2174 | D:3      | Slain by a gnoll

Illustrated notes

Levels and vault maps discovered:
D:1:      dpeg_arrival_shrine, layout_basic, ebering_ecumenical_altar_rust
D:2:      layout_basic, minmay_shallow_snake_nest
D:3:      layout_basic, kennysheep_big_empty_room, corexii_leaking_fountain,
          dk_noncrumbling_4, kennysheep_generic_room_9

Skill      XL: |  1  2  3 |
---------------+----------+-----
Alchemy        | 4 |  4.5
Fighting       | 1 |  1.4
Axes           | |  0.5
Dodging        | |  2.0
Stealth        | |  2.6
Spellcasting   | |  2.5
Conjurations   | |  1.0

Action                     |  1- 3 |  4- 6 || total
---------------------------+-------+-------++-------
  Melee: Unarmed           |    11 |       ||    11
         Constrict         |    11 |     4 ||    15
         Tentacles         |     5 |     1 ||     6
         Punch             |     1 |       ||     1
         Hand axe          |    35 |     7 ||    42
         Dagger            |     6 |       ||     6
   Cast: Sting             |    49 |     2 ||    51
   Stab: Sleeping          |     5 |     2 ||     7
 Armour: Skin              |    35 |     3 ||    38
  Dodge: Dodged            |    56 |     5 ||    61
